 Dungeon Crawl Stone Soup version 0.28-a0-1567-g1695149f81 (webtiles) character file.

Game seed: 14020943644865579352

34 comborobin the Ruffian (level 3, -2/36 HPs)
             Began as a Troll Cinder Acolyte on Jan 20, 2022.
             Was a High Priest of Ignis.
             Slain by an orc (8 damage)
             ... on level 2 of the Dungeon.
             The game lasted 00:00:31 (687 turns).

comborobin the Ruffian (Troll Cinder Acolyte)        Turns: 687, Time: 00:00:32

Health: -2/36      AC:  4    Str: 22    XL:     3   Next: 14%
Magic:  3/3        EV:  9    Int: 10    God:    Ignis [*****.]
Gold:   20         SH:  0    Dex:  7    Spells: 4/4 levels left

rFire   + . .      SeeInvis .     - Unarmed
rCold   . . .      Faith    .   (no shield)
rNeg    . . .      Spirit   .   a - +0 robe
rPois   .          Reflect  .   (helmet restricted)
rElec   .          Harm     .   (no cloak)
rCorr   .          Rampage  .   (gloves unavailable)
Will    .....                   (boots unavailable)
Stlth   +.........              (no amulet)
HPRegen 0.92/turn               (no ring)
MPRegen 0.08/turn               (no ring)

@: no status effects
A: large, unfitting armour, claws 3, regeneration 1, shaggy fur 1, tough skin 1
a: Renounce Religion, Fiery Armour, Foxfire Swarm, Rising Flame


You were on level 2 of the Dungeon.
You worshipped Ignis.
Ignis was extremely pleased with you.
You visited 1 branch of the dungeon, and saw 2 of its levels.

You collected 20 gold pieces.

Inventory:

Missiles
 h - 4 silver javelins (quivered)
Armour
 a - a +0 robe (worn)
Wands
 f - a wand of paralysis (9)
Scrolls
 b - a scroll of summoning {unknown}
 d - a scroll of teleportation {unknown}
 g - a scroll of immolation {unknown}
Potions
 c - a potion of heal wounds {unknown}
 e - a potion of degeneration {unknown}


   Skills:
 - Level 2.4 Fighting
 + Level 4.3 Unarmed Combat
 - Level 1.0 Spellcasting
 - Level 2.1 Fire Magic


You had 4 spell levels left.
You didn't know any spells.
Your spell library contained the following spells:

 Spells                   Type           Power      Damage    Failure   Level
 Scorch                   Fire           8%         2d5       22%         2


Dungeon Overview and Level Annotations

Branches:
Dungeon (2/15)

Altars:


Innate Abilities, Weirdness & Mutations

You are too large for most types of armour.
You have claws for hands.
Your natural rate of healing is unusually fast.
You are covered in fur. (AC +1)
You have tough skin. (AC +1)


Message History

A hobgoblin comes into view.
The orc hits you but does no damage.
You closely miss the orc. The orc hits you with a +0 flail!
The orc hits you with a +0 club.
You scratch the orc.
You kill the orc!
The orc closely misses you.
You scratch the orc but do no damage. The orc barely misses you.
You scratch the orc.
The orc is moderately wounded.
The orc hits you with a +0 flail.
You are too injured to fight recklessly!
You are too injured to fight recklessly!
You are too injured to fight recklessly!
You barely miss the orc.
The orc is moderately wounded.
The orc barely misses you.
You barely miss the orc.
The orc is moderately wounded.
The orc hits you with a +0 flail.
You scratch the orc.
The orc is heavily wounded.
The hobgoblin misses you. The orc barely misses you.
You claw the hobgoblin!
You kill the hobgoblin!
The orc barely misses you. The orc hits you with a +0 flail!
* * * LOW HITPOINT WARNING * * *
You see here a hobgoblin corpse.
You barely miss the orc.
The orc is lightly wounded.
The orc hits you with a +0 flail.
* * * LOW HITPOINT WARNING * * *
You closely miss the orc.
The orc is lightly wounded.
The orc barely misses you.
You closely miss the orc.
The orc is lightly wounded.
The orc hits you with a +0 flail!
You die...

###.# ..... # #.#
..... ##. #.#
....# ..(# #.##
..... ##..# #$.##
####. )(.8..#...#
.#..8.#.#.#
..$$..).#.# #@o.#
### #.$.#
####.###...#
.###.....##...#
#...............#
#.######...######
#.# ##.## ####.#
#.# .....# #)#


You could see an orc.

Vanquished Creatures
  2 adders (D:2)
  An orc (D:2)
  4 goblins
  3 hobgoblins (D:2)
  2 kobolds (D:1)
  2 rats
14 creatures vanquished.

Notes
Turn   | Place    | Note
-------+----------+-------------------------------------------
     0 | D:1      | comborobin the Troll Cinder Acolyte began the quest for the
                  | Orb.
     0 | D:1      | Reached XP level 1. HP: 22/22 MP: 1/1
   434 | D:2      | Reached XP level 2. HP: 29/29 MP: 2/2
   504 | D:2      | Reached skill level 4 in Unarmed Combat
   671 | D:2      | Reached XP level 3. HP: 36/36 MP: 3/3
   687 | D:2      | Slain by an orc

Illustrated notes

Levels and vault maps discovered:
D:1:      nicolae_arrival_somewhat_less_tricky_arrival, layout_loops_corners,
          minmay_split_cup_small
D:2:      layout_loops_ring, guppyfry_early_orc_mine

Skill      XL: |  1  2 |
---------------+-------+-----
Unarmed Combat | 4 |  4.3
Fighting       | |  2.4
Spellcasting   | |  1.0
Fire Magic     | |  2.1

Action                   || total
-------------------------++-------
Melee: Unarmed           ||    44
Invok: Fiery Armour      ||     1
Armor: Robe              ||    13
Dodge: Dodged            ||    20

Table legend: (Time is in decaauts)
 A = Elapsed time spent in this place.
 B = Non-inter-level travel time spent in this place.
 C = Inter-level travel time spent in this place.
 D = Time resting spent in this place.
 E = Time spent auto-exploring this place.
 F = Levels seen in this place.
 G = Mean time per level.
                   A        B        C        D        E       F      G
               +--------+--------+--------+--------+--------+-----+--------+
         Total |    683 |    675 |      8 |    118 |    464 |   2 |  341.5 |
       Dungeon |    683 |    675 |      8 |    118 |    464 |   2 |  341.5 |
               +--------+--------+--------+--------+--------+-----+--------+

Top non-repeatable levels by time:
     D:1: 429 daAuts
     D:2: 253 daAuts
